 Dungeon Crawl Stone Soup version 0.27.0-66-gdc8fb28755 (webtiles) character file.

Game seed: 7680590132003118133

31273 nightchill the Unseen (level 13, -1/82 HPs)
             Began as a Kobold Enchanter on Aug 16, 2021.
             Was an Elder of Wu Jian.
             Slain by a dream sheep (17 damage)
             ... on level 4 of the Lair of Beasts on Aug 20, 2021.
             The game lasted 01:08:23 (22716 turns).

nightchill the Unseen (Kobold Enchanter)           Turns: 22716, Time: 01:08:24

Health: -1/82      AC: 17    Str: 12    XL:     13   Next: 95%
Magic:  19/19      EV: 19    Int: 17    God:    Wu Jian [****..]
Gold:   714        SH:  0    Dex: 17    Spells: 8/20 levels left

rFire    . . .     SeeInvis .   a - +2 dagger (venom)
rCold    . . .     Faith    .   E - +3 buckler of Delicate Freedom {Str+4 Stlth+}
rNeg     . . .     Spirit   .   h - +0 acid dragon scales
rPois    +         Reflect  .   (no helmet)
rElec    .         Harm     .   s - +0 cloak
rCorr    +         Rampage  .   L - +2 pair of gloves
Will     .....                  M - +2 pair of boots {Stlth+}
Stlth    +++++++++.             (no amulet)
HPRegen  0.23/turn              r - ring of poison resistance
MPRegen  0.16/turn              j - +4 ring of protection

@: sleeping
A: small, no large weapons, nightstalker 3
a: Renounce Religion, Wall Jump, Serpent's Lash


You were on level 4 of the Lair of Beasts.
You worshipped Wu Jian.
Wu Jian was greatly pleased with you.
You visited 3 branches of the dungeon, and saw 16 of its levels.
You visited 1 bazaar.

You collected 950 gold pieces.
You spent 236 gold pieces at shops.

Inventory:

Hand Weapons
 a - a +2 dagger of venom (weapon)
 b - a +0 short sword of freezing
 w - a +2 dagger of speed
 C - the +6 falchion of Beogh's Condemnation {freeze, rF++ Str+2}
   (You found it on level 7 of the Dungeon)

   It freezes those it strikes, dealing additional cold damage.
   It can also slow down cold-blooded creatures.
   Str:       It affects your strength (+2).
   rF:        It greatly protects you from fire.
 P - a +0 rapier
Missiles
 n - 46 poisoned darts
 y - 3 atropa-tipped darts
 A - a curare-tipped dart
 D - 2 throwing nets
 T - 5 boomerangs of dispersal
Armour
 h - +0 acid dragon scales (worn)
 s - a +0 cloak (worn)
 E - the +3 buckler of Delicate Freedom (worn) {Str+4 Stlth+}
   (You took it off a kobold on level 9 of the Dungeon)

   Str:       It affects your strength (+4).
   Stlth:     It makes you more stealthy.
 L - a +2 pair of gloves (worn)
 M - a +2 pair of boots of stealth (worn)
Jewellery
 f - a ring of resist corrosion
 j - a +4 ring of protection (right hand)
 k - a +4 ring of protection
 o - a ring of protection from fire
 r - a ring of poison resistance (left hand)
 G - a ring of protection from cold
Wands
 x - a wand of flame (42)
 J - a wand of iceblast (25)
Scrolls
 e - 5 scrolls of amnesia
 l - a scroll of fog
 p - 2 scrolls of vulnerability
 t - 7 scrolls of teleportation
 H - a scroll of enchant armour
 K - 4 scrolls of magic mapping
 Q - 2 scrolls of noise
Potions
 c - 4 potions of haste
 d - 8 potions of curing
 g - 3 potions of degeneration {unknown}
 i - 2 potions of might
 m - 3 potions of mutation
 q - 5 potions of attraction
 u - 2 potions of brilliance
 v - 3 potions of heal wounds
 z - a potion of magic {unknown}
 B - 2 potions of lignification
 F - a potion of berserk rage
 N - a potion of resistance {unknown}
 S - 2 potions of flight
Miscellaneous
 I - a phantom mirror (inert)
 O - a lightning rod (4/4)


   Skills:
 + Level 10.2 Fighting
 - Level 10.0 Short Blades
 * Level 9.5 Dodging
 + Level 17.0 Stealth
 - Level 5.6 Shields
 - Level 4.0 Spellcasting
 - Level 3.0 Conjurations
 + Level 10.2 Hexes
 - Level 2.2 Ice Magic


You had 8 spell levels left.
You knew the following spells:

 Your Spells              Type           Power      Damage    Failure   Level
a - Corona                Hex            42%        N/A       1%          1
b - Ensorcelled Hibernat  Hex/Ice        48%        N/A       2%          2
c - Confusing Touch       Hex            38%        N/A       1%          3
d - Tukima's Dance        Hex            38%        N/A       1%          3
e - Dazzling Flash        Conj/Hex       50%        N/A       4%          3

Your spell library contained the following spells:

 Spells                   Type           Power      Damage    Failure   Level
 Inner Flame              Hex/Fire       20%        N/A       9%          3
 Foxfire                  Conj/Fire      32%        2x1d5     13%         1
 Static Discharge         Conj/Air       8%         N/A       19%         2
 Frozen Ramparts          Ice            22%        1d4       28%         3
 Conjure Flame            Conj/Fire      8%         6-21      36%         3
 Gell's Gravitas          Tloc           1%         N/A       56%         3
 Lesser Beckoning         Tloc           1%         N/A       56%         3
 Teleport Other           Tloc           3%         N/A       56%         3
 Silence                  Hex/Air        10%        N/A       63%         5
 Ice Form                 Ice/Tmut       7%         N/A       83%         4
 Summon Ice Beast         Ice/Summ       7%         N/A       83%         4
 Passage of Golubria      Tloc           N/A        N/A       93%         4
 Lightning Bolt           Conj/Air       4%         1d15      98%         5
 Agony                    Necr           3%         N/A       100%        5
 Lehudib's Crystal Spear  Conj/Erth      4%         10d3      100%        8
 Maxwell's Capacitive Co  Air            1%         ∞         100%        8


Dungeon Overview and Level Annotations

Branches:
Dungeon (11/15)            Temple (1/1) D:7            Lair (4/6) D:10
  Swamp (0/4) Lair:4       Spider (0/4) Lair:2          Orc (0/2) D:9

Altars:
Ashenzari
Elyvilon
Fedhas
Gozag
Hepliaklqana
Kikubaaqudgha
Makhleb
Nemelex Xobeh
Okawaru
Qazlal
Ru
Sif Muna
Trog
Uskayaw
Vehumet
Wu Jian
Xom
Yredelemnul
Zin
The Shining One

Shops:
D:8 !   D:10 !

Annotations:
D:2 exclusion: downstairs
D:3 1 runed translucent door
D:8 exclusion: downstairs
D:9 exclusion: downstairs
Lair:1 exclusion: downstairs
Lair:2 2 transporters


Innate Abilities, Weirdness & Mutations

You are small and have problems with some larger weapons.
You are completely attuned to the shadows.


Message History

The dream sheep are wreathed in dream dust.
You feel drowsy...
You fall asleep.
You kill the dream sheep!
The Council accepts your kill. The dream sheep completely misses you.
The dream sheep barely misses you.
Your Stealth skill increases to level 17!
You kill the dream sheep!
The Council accepts your kill. The dream sheep bites you.
You wake up.
* * * LOW HITPOINT WARNING * * *
The dream sheep closely misses you.
The dream sheep bites you but does no damage.
Aiming: Iceblast
Press: ? - help, Shift-Dir - straight line
Okay, then.
You spin and attack the dream sheep repeatedly.
You hit the dream sheep.
The dream sheep is poisoned.
The dream sheep is lightly wounded.
You hit the dream sheep.
The dream sheep looks as sick as possible!
The dream sheep is moderately wounded.
You block the dream sheep's attack.
You enter the shallow water.
Moving in this stuff is going to be slow.
The dream sheep shake their wool and sparkle.
You feel drowsy...
You fall asleep.
You kill the dream sheep!
The Council accepts your kill. The dream sheep misses you.
The dream sheep splashes around in the water.
The dream sheep misses you. The dream sheep bites you!!
You wake up.
* * * LOW HITPOINT WARNING * * *
The dream sheep looks more healthy.
You kill the dream sheep!
The Council accepts your kill.
The dream sheep "Baaaas" balefully.
The dream sheep shake their wool and sparkle.
You feel drowsy...
You fall asleep.
The dream sheep bites you!
You die...

##..###..##......###...#
##...##..#.......'.'...#
#...##.....§.§..†.#P....
#....##..§.......##...##
#...###.§§§§§....#...###
##...##.♣§§§§....#######
##...#..§§§♣≈.†..#####..
#P......§§♣♣≈...........
##..<..@YY§§............
#......................
#^.....................
#......................
##..P..##+..#.....###..#
#...#####.##......####..
#....#.##..###.....+....
#....##....###..........
#P..'.............P#....


You could see 2 dream sheep.

Vanquished Creatures
  Gastronok (Lair:1)
  Harold (D:8)
  8 hydras
  A bog body (Lair:4)
  A manticore (D:11)
  4 elephants (Lair:3)
  A black mamba (Lair:1)
  9 cane toads
  2 rime drakes
  6 komodo dragons
  9 dream sheep
  14 blink frogs
  A shadow (D:11)
  3 wyverns
  12 yaks
  6 humans (D:9)
  A basilisk (Lair:1)
  2 acid dragons
  15 water moccasins
  5 orc warriors
  2 sky beasts
  4 black bears
  An ice beast (D:5)
  A hornet zombie (D:8)
  2 necrophages
  20 wolves
  An ogre (D:6)
  A centaur (D:6)
  3 kobold brigands
  A gnoll sergeant (D:10)
  2 wyvern zombies
  16 bullfrogs
  8 wights
  9 killer bees
  2 howler monkeys (D:11)
  A crimson imp (D:4)
  A bullfrog zombie (D:6)
  2 centaur zombies
  3 hounds
  2 centaur skeletons
  7 orc priests
  A scorpion zombie (D:3)
  2 iguanas
  15 orc wizards
  2 hell rats (Lair:3)
  A howler monkey zombie (D:6)
  5 gnolls (D:10)
  5 adders
  8 river rats (Lair:3)
  2 white imps
  A worm (D:3)
  A dart slug (D:2)
  24 orcs
  9 ball pythons
  9 endoplasms
  3 giant cockroaches
  12 goblins
  4 hobgoblins
  2 jackals (D:1)
  8 bats
  A frilled lizard (D:2)
  12 kobolds
  6 rats
324 creatures vanquished.

Vanquished Creatures (collateral kills)
  A hydra (Lair:3)
1 creature vanquished.

Vanquished Creatures (others)
  A dancing weapon (D:9)
  64 fungi
  55 plants
120 creatures vanquished.

Grand Total: 445 creatures vanquished

Notes
Turn   | Place    | Note
-------+----------+-------------------------------------------
     0 | D:1      | nightchill the Kobold Enchanter began the quest for the
                  | Orb.
     0 | D:1      | Reached XP level 1. HP: 10/10 MP: 3/3
   249 | D:1      | Reached XP level 2. HP: 16/16 MP: 5/5
   252 | D:1      | Learned a level 2 spell: Ensorcelled Hibernation
   936 | D:1      | Reached XP level 3. HP: 20/20 MP: 6/6
   943 | D:1      | Learned a level 3 spell: Confusing Touch
  1005 | D:1      | Upgraded the game from 0.27.0-1-g7a089689b8 to
                  | 0.27.0-66-gdc8fb28755
  1163 | D:1      | Reached skill level 1 in Fighting
  1172 | D:1      | Reached skill level 1 in Ice Magic
  1991 | D:2      | Reached XP level 4. HP: 25/25 MP: 7/7
  2857 | D:3      | Noticed a sky beast
  2869 | D:3      | Killed a sky beast
  2870 | D:3      | Reached XP level 5. HP: 23/30 MP: 8/8
  3075 | D:3      | Reached skill level 5 in Stealth
  3260 | D:3      | Found a runed translucent door.
  3401 | D:3      | Reached XP level 6. HP: 35/35 MP: 9/9
  4354 | D:4      | Reached skill level 6 in Stealth
  4941 | D:4      | Identified the +5 quarterstaff of Xoyjit {speed, Dex+4}
  5265 | D:4      | Noticed a necrophage
  5267 | D:4      | Killed a necrophage
  5268 | D:4      | Reached XP level 7. HP: 40/40 MP: 10/10
  5454 | D:5      | Entered Level 5 of the Dungeon
  5805 | D:5      | Reached skill level 7 in Stealth
  6043 | D:5      | Reached skill level 5 in Hexes
  6257 | D:5      | Reached XP level 8. HP: 46/46 MP: 11/11
  6495 | D:6      | Reached skill level 8 in Stealth
  6571 | D:6      | Reached skill level 5 in Short Blades
  7246 | D:6      | Reached skill level 9 in Stealth
  7422 | D:6      | Reached XP level 9. HP: 9/52 MP: 6/12
  7776 | D:6      | Learned a level 3 spell: Tukima's Dance
  7780 | D:6      | Learned a level 3 spell: Dazzling Flash
  8069 | D:7      | Found a staircase to the Ecumenical Temple.
  8075 | Temple   | Entered the Ecumenical Temple
  9553 | Temple   | Became a worshipper of the Wu Jian Council
  9804 | D:7      | Identified the +6 falchion of Beogh's Condemnation {freeze,
                  | rF++ Str+2}
  9864 | D:7      | Reached skill level 10 in Stealth
  9868 | D:7      | Reached skill level 5 in Fighting
 10792 | D:8      | Noticed Harold
 10795 | D:8      | Killed Harold
 10796 | D:8      | Reached skill level 11 in Stealth
 10796 | D:8      | Reached XP level 10. HP: 60/60 MP: 13/13
 10889 | D:8      | Reached skill level 12 in Stealth
 11222 | D:8      | Found Beseus's Distillery.
 11739 | D:8      | Identified the +1 robe of Qojievaage {rC+ Str-3 Slay+5}
 11885 | D:8      | Found a glowing golden altar of the Shining One.
 11970 | D:8      | Reached * piety under Wu Jian
 12067 | D:9      | Found a staircase to the Orcish Mines.
 12440 | D:9      | Identified the +3 buckler of Delicate Freedom {Str+4
                  | Stlth+}
 12442 | D:9      | Reached skill level 1 in Conjurations
 12877 | D:9      | Reached skill level 1 in Shields
 12987 | D:9      | Reached skill level 13 in Stealth
 13746 | D:9      | Reached XP level 11. HP: 67/67 MP: 14/14
 14019 | D:10     | Entered Level 10 of the Dungeon
 14764 | D:10     | Reached ** piety under Wu Jian
 15029 | D:10     | Found Taghuyli's Distillery.
 15263 | D:10     | Found a staircase to the Lair.
 15567 | D:10     | Reached skill level 14 in Stealth
 15827 | D:11     | Noticed a manticore
 15830 | D:11     | Killed a manticore
 15945 | D:11     | Found a flickering gateway to a bazaar.
 15952 | Bazaar   | Entered a bazaar
 15952 | Bazaar   | Found Cuist's Magic Scroll Shoppe.
 15954 | Bazaar   | Found Lyuch's Distillery.
 15954 | Bazaar   | Found Nenithroa's Antique Weapon Emporium.
 15957 | Bazaar   | Found Cubum's Armour Emporium.
 15969 | Bazaar   | Bought a +2 pair of boots of stealth for 236 gold pieces
 16073 | Lair:1   | Entered Level 1 of the Lair of Beasts
 16231 | Lair:1   | Reached *** piety under Wu Jian
 16392 | Lair:1   | Noticed a four-headed hydra
 16394 | Lair:1   | Noticed a seven-headed hydra
 16486 | Lair:1   | Noticed Gastronok
 16504 | Lair:1   | Killed Gastronok
 16505 | Lair:1   | Reached XP level 12. HP: 41/74 MP: 15/15
 16820 | Lair:1   | Reached skill level 10 in Short Blades
 16841 | Lair:1   | Reached skill level 15 in Stealth
 16896 | Lair:1   | Reached skill level 5 in Shields
 17531 | Lair:1   | Killed a seven-headed hydra
 17565 | Lair:1   | Killed a four-headed hydra
 17969 | Lair:2   | Reached skill level 5 in Dodging
 18103 | Lair:2   | Noticed a seven-headed hydra
 18113 | Lair:2   | Killed a seven-headed hydra
 18368 | Lair:2   | Found a transporter.
 18369 | Lair:2   | Found a transporter.
 18371 | Lair:2   | Noticed a six-headed hydra
 18380 | Lair:2   | Killed a six-headed hydra
 18768 | Lair:2   | Reached XP level 13. HP: 54/80 MP: 17/17
 18773 | Lair:2   | Reached skill level 16 in Stealth
 18999 | Lair:2   | Noticed a four-headed hydra
 19012 | Lair:2   | Killed a four-headed hydra
 19092 | Lair:2   | Noticed a seven-headed hydra
 19172 | Lair:2   | Killed a seven-headed hydra
 19301 | Lair:2   | Found a hole to the Spider Nest.
 20280 | Lair:3   | Noticed an eight-headed hydra
 20304 | Lair:3   | Killed an eight-headed hydra
 20630 | Lair:3   | Reached **** piety under Wu Jian
 21402 | Lair:4   | Noticed an eight-headed hydra
 21403 | Lair:4   | Killed an eight-headed hydra
 21517 | Lair:4   | Found a staircase to the Swamp.
 21529 | Lair:4   | Reached skill level 10 in Hexes
 21559 | Lair:4   | Reached skill level 10 in Fighting
 22362 | Lair:4   | Noticed a seven-headed hydra
 22367 | Lair:4   | Killed a seven-headed hydra
 22705 | Lair:4   | Reached skill level 17 in Stealth
 22716 | Lair:4   | Slain by a dream sheep

Illustrated notes

Levels and vault maps discovered:
D:1:      matt_arrival_refuge, layout_rooms,
          hangedman_abyss_or_decor_lesser_grid
D:2:      layout_basic, minmay_misc_feat_secret_circle
D:3:      layout_rooms, ebering_ghost_sewer_d, minmay_cut_off
D:4:      layout_basic, grunt_ministairs_5, minmay_fire_ice_demons
D:5:      layout_basic
D:6:      layout_rooms
D:7:      layout_layer_cave, minmay_temple_entry_junction
D:8:      layout_rooms, lemuel_round_altar, serial_shops, shop,
          grunt_ministairs_4, uniq_harold
D:9:      layout_basic, orc_0_dummy, minmay_ruffians
D:10:     layout_roguey, due_lair_maze_entry_diamond, serial_shops,
          nicolae_shop_stone
D:11:     layout_rooms, serial_shops, bzr_entry_lakeside
Temple:   roderic_octagonal_lattice_temple
Lair:1:   layout_regular_city, uniq_gastronok
Lair:2:   gammafunk_boulding_lane, layout_long_grid, spider_nest_entry_web_field
Lair:3:   layout_gridlike, kennysheep_rathole
Lair:4:   layout_regular_city, skrybe_swamp_entry_bodies, lemuel_fruit_tree,
          infiniplex_staircase_pool

Skill      XL: |  1  2  3  4  5  6  7  8  9 10 11 12 13 |
---------------+----------------------------------------+-----
Fighting       | 1 2 3 4 6 7 8 9 10 | 10.2
Ice Magic      | 1 2 |  2.2
Short Blades   | 2 3 4 5 7 8 9 10 | 10.0
Hexes          | 4 5 6 7 8 9 10 | 10.2
Stealth        | 5 6 7 9 11 13 14 15 17 | 17.0
Conjurations   | 2 3 |  3.0
Shields        | 1 4 5 |  5.6
Dodging        | 6 9 |  9.5
Spellcasting   | 3 4 |  4.0

Action                   |  1- 3 |  4- 6 |  7- 9 | 10-12 | 13-15 || total
-------------------------+-------+-------+-------+-------+-------++-------
Melee: Dagger            |    81 |    93 |   175 |   738 |   286 ||  1373
       Short sword       |       |    17 |     1 |       |       ||    18
 Cast: Corona            |     7 |     8 |     3 |     4 |     1 ||    23
       Ensorcelled Hiber |    14 |     9 |     8 |    11 |     3 ||    45
       Confusing Touch   |       |     1 |    10 |    21 |     7 ||    39
       Tukima's Dance    |       |       |       |     2 |       ||     2
       Dazzling Flash    |       |       |       |     7 |       ||     7
Invok: Lunge             |       |       |     8 |    47 |    39 ||    94
       Whirlwind         |       |       |       |    67 |    35 ||   102
       Serpent's Lash    |       |       |       |     4 |     2 ||     6
 Abil: Wall Jump         |       |       |       |     1 |     1 ||     2
Evoke: Wand              |       |       |     2 |     4 |       ||     6
       Phantom mirror    |       |       |       |       |     1 ||     1
  Use: Scroll            |       |     9 |     3 |     7 |     3 ||    22
 Stab: Sleeping          |    24 |    21 |    18 |    43 |    28 ||   134
       Confused          |       |     1 |     9 |    24 |     9 ||    43
       Distracted        |       |       |     1 |     1 |     4 ||     6
       Invisible         |       |       |       |     3 |       ||     3
Armor: Robe              |    18 |    25 |    42 |     2 |       ||    87
       Acid dragon scale |       |       |       |   141 |    46 ||   187
Dodge: Dodged            |    57 |    49 |   101 |   262 |   102 ||   571
Block: Buckler           |       |       |       |    98 |    78 ||   176
